 Dungeon Crawl Stone Soup version 0.20.1-1-g8b1a95d (webtiles) character file.

88 Monsterracer the Poker (level 4, -1/35 HPs)
             Began as a Merfolk Skald on July 16, 2017.
             Killed from afar by Sigmund (5 damage)
             ... with a magic dart
             ... on level 3 of the Dungeon.
             The game lasted 00:06:56 (3099 turns).

Monsterracer the Poker (Merfolk Skald)              Turns: 3099, Time: 00:06:57

Health: -1/35      AC:  3    Str: 10 (11) XL:     4   Next: 53%
Magic:  7/7        EV: 13    Int: 11 (13) God:
Gold:   116        SH:  0    Dex: 12 (13) Spells: 2/7 levels left

rFire    . . .     SeeInvis .   a - +0 spear
rCold    . . .     Gourm    .   (no shield)
rNeg     . . .     Faith    .   b - +0 leather armour
rPois    .         Spirit   .   (no helmet)
rElec    .         Reflect  .   (no cloak)
rCorr    .         Harm     .   (no gloves)
MR       .....                  (no boots)
Stlth    +.........             h - amulet of magic regeneration
Regen    0.2/turn               (no ring)
MPRegen  0.2/turn               (no ring)

@: no status effects
A: change form in water, swift swim, stealthy swim
a: no special abilities


You were on level 3 of the Dungeon.
You were not hungry.

You visited 1 branch of the dungeon, and saw 3 of its levels.

You collected 116 gold pieces.

Inventory:

Hand Weapons
 a - a +0 spear (weapon)
Armour
 b - a +0 leather armour (worn)
Jewellery
 h - an amulet of magic regeneration (around neck)
 j - an uncursed ring of ice
Wands
 n - a wand of lightning (5/15)
Scrolls
 e - a scroll of noise {unknown}
 f - 6 scrolls of identify {unknown}
 k - 2 scrolls of remove curse {unknown}
 l - 3 scrolls of recharging {unknown}
 m - a scroll of teleportation {unknown}
 o - a scroll of enchant armour {unknown}
Potions
 g - a potion of brilliance
Books
 c - a book of Battle

   Spells                             Type                      Level
   a - Infusion                       Charms                       1
   b - Shroud of Golubria             Charms/Translocation         2
   c - Song of Slaying                Charms                       2
   d - Spectral Weapon                Hexes/Charms                 3
   e - Regeneration                   Charms/Necromancy            3
Comestibles
 d - 3 bread rations
 i - a royal jelly


   Skills:
 + Level 3.1 Fighting
 * Level 5.0 Polearms
 - Level 0.6 Armour
 + Level 4.0 Dodging
 - Level 2.0 Spellcasting
 - Level 3.2 Charms


You had 2 spell levels left.
You knew the following spells:

 Your Spells              Type           Power        Failure   Level  Hunger
a - Infusion              Chrm           #...         11%         1    ##.....
b - Song of Slaying       Chrm           #.......     16%         2    ###....
c - Shroud of Golubria    Chrm/Tloc      #.........   30%         2    ###....


Dungeon Overview and Level Annotations

Branches:
Dungeon (3/15)

Altars:

Annotations:
D:3 Sigmund


Message History

You bump into the rock wall.
You bump into the rock wall.
You feel less confused.
Sigmund points at you and mumbles some strange words.
You are confused.
You bump into the rock wall.
Sigmund hits you from afar with a scythe!
Huge Dmg: -25%(-9hp) hp: 55%(19hp)
You bump into the rock wall.
You bump into the rock wall.
Sigmund hits you from afar with a scythe!
* * * LOW HITPOINT WARNING * * *
Huge Dmg: -43%(-15hp) hp: 12%(4hp)
You bump into the rock wall.
You feel less confused. Sigmund closely misses you.
Okay, then.
Sigmund points at you and mumbles some strange words.
The magic dart hits you!
You die...

#.#
#.#
#.#
#.#
#@#
#.#
#.#
#.#
#@#
#.#
#.#
#.#
#.#
#.#
#<#
###


You could see Sigmund.

Vanquished Creatures
  A gnoll (D:1)
  2 adders (D:2)
  2 worms
  2 leopard geckos
  4 orcs (D:3)
  2 giant cockroaches (D:2)
  6 goblins
  A hobgoblin (D:3)
  3 jackals (D:1)
  2 quokkas (D:2)
  7 bats
  5 frilled lizards
  7 kobolds
  7 rats
51 creatures vanquished.

Notes
Turn   | Place    | Note
-------+----------+-------------------------------------------
     0 | D:1      | Monsterracer the Merfolk Skald began the quest for the Orb.
     0 | D:1      | Reached XP level 1. HP: 16/16 MP: 3/3
   443 | D:1      | Reached XP level 2. HP: 23/23 MP: 5/5
   458 | D:1      | Learned a level 2 spell: Song of Slaying
   461 | D:1      | Learned a level 2 spell: Shroud of Golubria
   695 | D:1      | Reached skill level 4 in Polearms
   695 | D:1      | Reached XP level 3. HP: 28/28 MP: 0/6
  1428 | D:2      | Reached XP level 4. HP: 31/34 MP: 7/7
  1855 | D:3      | Reached skill level 5 in Polearms
  2019 | D:3      | Noticed Sigmund
  3099 | D:3      | Killed from afar by Sigmund

Skill      XL: |  1  2  3  4 |
---------------+-------------+-----
Dodging        | 3 4 |  4.0
Polearms       | 4 5 |  5.0
Fighting       | 3 |  3.1
Armour         | |  0.6
Spellcasting   | |  2.0
Charms         | |  3.2

Action                   |  1- 3 |  4- 6 || total
-------------------------+-------+-------++-------
Melee: Spear             |   116 |    80 ||   196
 Cast: Infusion          |     5 |     6 ||    11
       Song of Slaying   |     1 |     1 ||     2
       Shroud of Golubri |       |     2 ||     2
  Use: Potion            |       |     2 ||     2
  Eat: Chunk             |     2 |     2 ||     4
       Bread ration      |       |     1 ||     1
Armor: Leather armour    |    19 |    13 ||    32
Dodge: Dodged            |    61 |    41 ||   102
